[ PARTIDA AOE2 · #493576435 ]
UnrankedTurcos vs Britons
[ ANÁLISIS DE REPETICIÓN · EXTRAÍDO DE LA PARTIDA GRABADA ]
Feudal
10:47
Castillos
21:52
Imperial
42:53
| APM promedio | 20.7 |
| APM pico | 72 |
| eAPM promedio | 9.6 |
| Aldeanos / militares | 91 / 47 |
Foco
⚔️ 19.0% · 🌾 81.0%
Janissary ×29 · Scout Cavalry ×7 · Archer ×4 · Spearman ×3 · Monk ×2 · Militia ×2
Feudal
11:27
Castillos
20:14
Imperial
39:18
| APM promedio | 24.6 |
| APM pico | 62 |
| eAPM promedio | 13.1 |
| Aldeanos / militares | 101 / 91 |
Foco
⚔️ 32.8% · 🌾 67.2%
Longbowman ×86 · Trebuchet (Packed) ×5
Feudal
11:23
Castillos
47:00
Imperial
—
| APM promedio | 12.1 |
| APM pico | 75 |
| eAPM promedio | 6.5 |
| Aldeanos / militares | 86 / 21 |
Foco
⚔️ 12.3% · 🌾 87.7%
Skirmisher ×12 · Trade Cart ×12 · Militia ×6 · Spearman ×3
Feudal
12:05
Castillos
16:00
Imperial
35:41
| APM promedio | 14.6 |
| APM pico | 44 |
| eAPM promedio | 10.7 |
| Aldeanos / militares | 92 / 250 |
Foco
⚔️ 35.9% · 🌾 64.1%
Huskarl ×246 · Trade Cart ×6 · Trebuchet (Packed) ×4
Feudal
10:37
Castillos
19:11
Imperial
36:52
| APM promedio | 20.4 |
| APM pico | 50 |
| eAPM promedio | 14.4 |
| Aldeanos / militares | 118 / 191 |
Foco
⚔️ 21.3% · 🌾 78.7%
Knight ×141 · Throwing Axeman ×44 · Trade Cart ×5 · Battering Ram ×3 · Trebuchet (Packed) ×3
Feudal
11:00
Castillos
28:13
Imperial
42:04
| APM promedio | 22.7 |
| APM pico | 39 |
| eAPM promedio | 12.8 |
| Aldeanos / militares | 117 / 175 |
Foco
⚔️ 26.2% · 🌾 73.8%
Militia ×82 · Skirmisher ×46 · Scorpion ×42 · Monk ×3 · Trebuchet (Packed) ×2
Feudal
11:41
Castillos
31:18
Imperial
38:29
| APM promedio | 18.7 |
| APM pico | 46 |
| eAPM promedio | 13.7 |
| Aldeanos / militares | 121 / 307 |
Foco
⚔️ 28.0% · 🌾 72.0%
Steppe Lancer ×167 · Militia ×112 · Battering Ram ×25 · Spearman ×2 · Monk ×1
Feudal
12:21
Castillos
24:14
Imperial
42:40
| APM promedio | 19.6 |
| APM pico | 50 |
| eAPM promedio | 13.3 |
| Aldeanos / militares | 95 / 173 |
Foco
⚔️ 35.1% · 🌾 64.9%
Gbeto ×73 · Camel Scout ×60 · Militia ×21 · Spearman ×8 · Scout Cavalry ×8 · Trebuchet (Packed) ×3
Mapa de la partida
Recursos iniciales + cada clic de construcción. Líneas = muros · curvas = relieve. ◆ oro · ⬟ piedra · ● bayas · ✦ reliquia · ◌ hueco del cierre
Tu base· ✓ Cerrada en 21:52 · 0t muro · frágil
Base de vitavidal91· ✓ Cerrada en 20:14 · 49t muro · frágil
Base de Jack· ✓ Cerrada en 47:00 · 28t muro · frágil
Base de tatomagallanes· Abierta — flanco sin cerrar
Base de Jay· ✓ Cerrada en 19:11 · 0t muro · frágil
Base de GuilleLeopold17· ✓ Cerrada en 28:13 · 0t muro · frágil
Base de PetForMeows· ✓ Cerrada en 31:18 · 0t muro · 2 puerta(s) · frágil
Base de felipegarcia92· ✓ Cerrada en 24:14 · 0t muro · frágil
Terreno inicial suavizado · ◌ = hueco del cierre detectado · pasá el cursor para detalles
Inputs por minuto
— Avyaan - - vitavidal91
Build order — Avyaan
Primeras 150 de 242 acciones detectadas
| 0:03 | Construir | House |
| 0:05 | Encolar | Villager (Male) |
| 0:06 | Encolar | Villager (Male) |
| 0:06 | Encolar | Villager (Male) |
| 0:06 | Encolar | Villager (Male) |
| 0:06 | Encolar | Villager (Male) |
| 0:12 | Construir | House |
| 1:30 | Encolar | Villager (Male) |
| 1:30 | Encolar | Villager (Male) |
| 1:56 | Encolar | Villager (Male) |
| 1:56 | Encolar | Villager (Male) |
| 2:59 | Construir | Lumber Camp |
| 3:10 | Encolar | Villager (Male) |
| 3:10 | Encolar | Villager (Male) |
| 3:10 | Encolar | Villager (Male) |
| 3:10 | Encolar | Villager (Male) |
| 3:47 | Encolar | Villager (Male) |
| 3:47 | Encolar | Villager (Male) |
| 3:53 | Construir | House |
| 5:14 | Encolar | Villager (Male) |
| 5:14 | Encolar | Villager (Male) |
| 5:15 | Encolar | Villager (Male) |
| 5:36 | Encolar | Villager (Male) |
| 5:36 | Encolar | Villager (Male) |
| 6:24 | Encolar | Villager (Male) |
| 6:42 | Construir | Mill |
| 6:54 | Construir | House |
| 7:19 | Encolar | Villager (Male) |
| 7:29 | Construir | House |
| 7:44 | Encolar | Villager (Male) |
| 8:12 | Investigar | Loom |
| 8:24 | Construir | Lumber Camp |
| 8:33 | Investigar | Feudal Age |
| 8:33 | Investigar | Feudal Age |
| 9:04 | Encolar | Villager (Male) |
| 10:03 | Encolar | Villager (Male) |
| 10:03 | Encolar | Villager (Male) |
| 10:03 | Encolar | Villager (Male) |
| 10:03 | Encolar | Villager (Male) |
| 10:20 | Construir | Barracks |
| 10:36 | Encolar | Villager (Male) |
| 10:37 | Encolar | Villager (Male) |
| 10:47 | Edad | Edad Feudal |
| 10:48 | Investigar | Horse Collar |
| 10:53 | Investigar | Double-Bit Axe |
| 11:00 | Encolar | Villager (Male) |
| 11:00 | Encolar | Villager (Male) |
| 11:34 | Construir | Mining Camp |
| 11:53 | Investigar | Wheelbarrow |
| 11:54 | Encolar | Villager (Male) |
| 12:20 | Encolar | Villager (Male) |
| 12:30 | Construir | Farm |
| 12:34 | Construir | Farm |
| 12:38 | Construir | Farm |
| 13:11 | Construir | Farm |
| 13:14 | Construir | Farm |
| 13:33 | Encolar | Villager (Male) |
| 13:33 | Encolar | Villager (Male) |
| 13:33 | Encolar | Villager (Male) |
| 13:46 | Construir | Farm |
| 14:16 | Construir | Market |
| 14:30 | Construir | House |
| 14:31 | Construir | House |
| 14:32 | Construir | House |
| 14:55 | Construir | Farm |
| 15:08 | Construir | Farm |
| 15:11 | Construir | Farm |
| 15:24 | Construir | Farm |
| 15:28 | Construir | Farm |
| 15:42 | Construir | Farm |
| 16:00 | Construir | Farm |
| 16:17 | Encolar | Villager (Male) |
| 16:18 | Encolar | Villager (Male) |
| 16:18 | Encolar | Villager (Male) |
| 16:18 | Encolar | Villager (Male) |
| 16:18 | Encolar | Villager (Male) |
| 16:29 | Construir | Farm |
| 16:57 | Construir | Blacksmith |
| 17:29 | Construir | Archery Range |
| 17:50 | Construir | Mining Camp |
| 17:56 | Encolar | Villager (Male) |
| 17:56 | Encolar | Villager (Male) |
| 18:16 | Investigar | Castle Age |
| 18:36 | Construir | Archery Range |
| 19:25 | Encolar | Archer |
| 19:25 | Encolar | Archer |
| 21:14 | Encolar | Spearman |
| 21:17 | Encolar | Archer |
| 21:18 | Encolar | Archer |
| 21:20 | Encolar | Spearman |
| 21:52 | Edad | Edad de los Castillos |
| 21:55 | Construir | Castle |
| 22:05 | Encolar | Spearman |
| 22:12 | Investigar | Heavy Plow |
| 23:04 | Investigar | Man-at-Arms (upgrade) |
| 23:06 | Encolar | Militia |
| 23:06 | Encolar | Militia |
| 24:46 | Encolar | Villager (Male) |
| 24:46 | Encolar | Villager (Male) |
| 24:47 | Encolar | Villager (Male) |
| 24:47 | Encolar | Villager (Male) |
| 24:47 | Encolar | Villager (Male) |
| 24:47 | Encolar | Villager (Male) |
| 24:58 | Encolar | Janissary |
| 24:58 | Encolar | Janissary |
| 24:58 | Encolar | Janissary |
| 24:58 | Encolar | Janissary |
| 24:59 | Encolar | Janissary |
| 25:06 | Investigar | Bow Saw |
| 25:13 | Encolar | Villager (Male) |
| 25:13 | Encolar | Villager (Male) |
| 25:13 | Encolar | Villager (Male) |
| 25:41 | Construir | Stone Wall |
| 26:04 | Investigar | Long Swordsman (upgrade) |
| 26:19 | Encolar | Janissary |
| 26:22 | Construir | Farm |
| 26:39 | Construir | Stone Wall |
| 27:03 | Encolar | Villager (Male) |
| 27:04 | Encolar | Villager (Male) |
| 27:53 | Encolar | Villager (Male) |
| 27:53 | Encolar | Villager (Male) |
| 27:56 | Construir | Farm |
| 28:28 | Encolar | Janissary |
| 28:29 | Encolar | Janissary |
| 28:29 | Encolar | Janissary |
| 28:29 | Encolar | Janissary |
| 28:29 | Encolar | Janissary |
| 28:34 | Construir | Farm |
| 28:37 | Construir | Farm |
| 29:03 | Construir | Outpost |
| 29:26 | Construir | Outpost |
| 29:40 | Encolar | Villager (Male) |
| 29:41 | Encolar | Villager (Male) |
| 29:41 | Encolar | Villager (Male) |
| 30:17 | Construir | Farm |
| 30:39 | Construir | Stone Wall |
| 30:49 | Encolar | Janissary |
| 30:50 | Encolar | Janissary |
| 30:50 | Encolar | Janissary |
| 30:54 | Construir | Farm |
| 30:57 | Encolar | Villager (Male) |
| 30:57 | Encolar | Villager (Male) |
| 31:07 | Construir | Farm |
| 31:26 | Construir | Farm |
| 31:31 | Construir | Farm |
| 32:17 | Encolar | Janissary |
| 32:17 | Encolar | Janissary |
| 32:29 | Construir | Town Center |
| 32:40 | Construir | Farm |
| 32:46 | Construir | Farm |
Build order — vitavidal91
Primeras 150 de 329 acciones detectadas
| 0:03 | Encolar | Villager (Male) |
| 0:03 | Encolar | Villager (Male) |
| 0:06 | Construir | House |
| 0:08 | Construir | House |
| 0:52 | Encolar | Villager (Male) |
| 1:09 | Encolar | Villager (Male) |
| 1:37 | Encolar | Villager (Male) |
| 1:59 | Encolar | Villager (Male) |
| 2:38 | Encolar | Villager (Male) |
| 3:00 | Encolar | Villager (Male) |
| 3:27 | Encolar | Villager (Male) |
| 3:41 | Encolar | Villager (Male) |
| 3:56 | Encolar | Villager (Male) |
| 4:12 | Encolar | Villager (Male) |
| 4:16 | Construir | House |
| 5:07 | Encolar | Villager (Male) |
| 5:36 | Encolar | Villager (Male) |
| 5:40 | Construir | Mill |
| 5:57 | Encolar | Villager (Male) |
| 6:21 | Encolar | Villager (Male) |
| 6:48 | Encolar | Villager (Male) |
| 6:54 | Construir | House |
| 7:00 | Investigar | Loom |
| 7:32 | Encolar | Villager (Male) |
| 7:57 | Encolar | Villager (Male) |
| 8:14 | Construir | Lumber Camp |
| 8:23 | Encolar | Villager (Male) |
| 9:01 | Encolar | Villager (Male) |
| 9:16 | Investigar | Feudal Age |
| 9:27 | Construir | Lumber Camp |
| 10:22 | Construir | House |
| 11:06 | Construir | House |
| 11:18 | Encolar | Villager (Male) |
| 11:27 | Edad | Edad Feudal |
| 11:33 | Construir | Stone Wall |
| 11:40 | Construir | Stone Wall |
| 11:50 | Encolar | Villager (Male) |
| 11:58 | Construir | Stone Wall |
| 12:01 | Encolar | Villager (Male) |
| 12:08 | Construir | Mining Camp |
| 12:34 | Construir | Farm |
| 12:35 | Construir | Farm |
| 12:36 | Construir | Farm |
| 12:38 | Construir | Farm |
| 12:39 | Construir | Farm |
| 12:43 | Encolar | Villager (Male) |
| 12:48 | Construir | Farm |
| 13:20 | Encolar | Villager (Male) |
| 13:34 | Construir | Blacksmith |
| 13:41 | Encolar | Villager (Male) |
| 13:49 | Construir | Mining Camp |
| 14:16 | Encolar | Villager (Male) |
| 14:26 | Construir | Barracks |
| 14:35 | Construir | Farm |
| 14:37 | Construir | Farm |
| 14:39 | Construir | Farm |
| 14:54 | Encolar | Villager (Male) |
| 14:57 | Construir | House |
| 15:12 | Construir | House |
| 15:19 | Construir | House |
| 15:53 | Encolar | Villager (Male) |
| 16:07 | Construir | Market |
| 16:17 | Encolar | Villager (Male) |
| 16:24 | Construir | House |
| 16:48 | Encolar | Villager (Male) |
| 16:55 | Construir | House |
| 16:57 | Construir | House |
| 17:34 | Investigar | Castle Age |
| 17:39 | Construir | Farm |
| 18:07 | Construir | Mining Camp |
| 18:21 | Construir | Mining Camp |
| 18:58 | Investigar | Double-Bit Axe |
| 19:01 | Investigar | Horse Collar |
| 19:03 | Investigar | Stone Mining |
| 19:05 | Investigar | Gold Mining |
| 19:09 | Investigar | Fletching |
| 19:09 | Investigar | Padded Archer Armor |
| 20:14 | Edad | Edad de los Castillos |
| 20:19 | Construir | Town Center |
| 20:23 | Encolar | Villager (Male) |
| 20:27 | Investigar | Wheelbarrow |
| 21:20 | Encolar | Villager (Male) |
| 21:20 | Encolar | Villager (Male) |
| 21:26 | Encolar | Villager (Male) |
| 21:27 | Encolar | Villager (Male) |
| 21:29 | Encolar | Villager (Male) |
| 21:29 | Encolar | Villager (Male) |
| 21:57 | Construir | Castle |
| 22:12 | Construir | House |
| 22:29 | Encolar | Villager (Male) |
| 22:41 | Construir | House |
| 22:48 | Construir | House |
| 23:08 | Encolar | Villager (Male) |
| 23:08 | Encolar | Villager (Male) |
| 23:51 | Encolar | Longbowman |
| 23:52 | Encolar | Longbowman |
| 24:22 | Encolar | Villager (Male) |
| 24:22 | Encolar | Villager (Male) |
| 24:23 | Encolar | Villager (Male) |
| 24:27 | Encolar | Longbowman |
| 24:58 | Encolar | Longbowman |
| 24:58 | Encolar | Longbowman |
| 25:02 | Construir | Farm |
| 25:02 | Construir | Farm |
| 25:03 | Encolar | Villager (Male) |
| 25:13 | Encolar | Villager (Male) |
| 25:13 | Encolar | Villager (Male) |
| 25:22 | Encolar | Longbowman |
| 25:23 | Encolar | Longbowman |
| 25:36 | Encolar | Villager (Male) |
| 25:41 | Construir | Farm |
| 25:44 | Construir | Farm |
| 25:45 | Construir | Farm |
| 25:45 | Construir | Farm |
| 25:45 | Construir | Farm |
| 25:45 | Construir | Farm |
| 25:46 | Construir | Farm |
| 25:54 | Encolar | Longbowman |
| 25:58 | Encolar | Longbowman |
| 26:12 | Construir | Farm |
| 26:15 | Construir | Farm |
| 26:26 | Encolar | Villager (Male) |
| 26:26 | Encolar | Villager (Male) |
| 26:32 | Encolar | Villager (Male) |
| 26:33 | Encolar | Villager (Male) |
| 26:33 | Encolar | Villager (Male) |
| 26:33 | Encolar | Villager (Male) |
| 27:07 | Encolar | Longbowman |
| 27:07 | Encolar | Longbowman |
| 27:09 | Encolar | Longbowman |
| 27:14 | Construir | Farm |
| 27:18 | Encolar | Villager (Male) |
| 27:18 | Encolar | Villager (Male) |
| 27:19 | Encolar | Villager (Male) |
| 27:19 | Encolar | Villager (Male) |
| 27:27 | Encolar | Longbowman |
| 27:27 | Encolar | Longbowman |
| 27:49 | Encolar | Longbowman |
| 28:13 | Encolar | Villager (Male) |
| 28:17 | Encolar | Villager (Male) |
| 28:18 | Encolar | Villager (Male) |
| 28:19 | Encolar | Villager (Male) |
| 28:19 | Encolar | Villager (Male) |
| 28:20 | Encolar | Villager (Male) |
| 28:28 | Encolar | Longbowman |
| 28:42 | Construir | University |
| 28:45 | Construir | Monastery |
| 28:50 | Encolar | Longbowman |
| 28:50 | Encolar | Longbowman |
| 29:01 | Construir | Castle |
Build order — Jack
Primeras 150 de 208 acciones detectadas
| 0:08 | Construir | House |
| 0:13 | Construir | House |
| 0:15 | Construir | House |
| 0:15 | Construir | House |
| 0:21 | Encolar | Villager (Male) |
| 0:21 | Encolar | Villager (Male) |
| 0:21 | Encolar | Villager (Male) |
| 0:22 | Encolar | Villager (Male) |
| 1:37 | Encolar | Villager (Male) |
| 2:21 | Encolar | Villager (Male) |
| 3:05 | Encolar | Villager (Male) |
| 3:27 | Encolar | Villager (Male) |
| 3:30 | Encolar | Villager (Male) |
| 3:38 | Construir | Lumber Camp |
| 3:49 | Encolar | Villager (Male) |
| 4:14 | Encolar | Villager (Male) |
| 4:52 | Encolar | Villager (Male) |
| 5:18 | Encolar | Villager (Male) |
| 6:08 | Encolar | Villager (Male) |
| 6:10 | Encolar | Villager (Male) |
| 6:12 | Encolar | Villager (Male) |
| 6:43 | Construir | Mill |
| 7:58 | Encolar | Villager (Male) |
| 8:01 | Encolar | Villager (Male) |
| 8:24 | Encolar | Villager (Male) |
| 8:38 | Construir | House |
| 8:40 | Construir | House |
| 8:42 | Construir | House |
| 8:44 | Construir | House |
| 8:46 | Construir | House |
| 9:06 | Investigar | Feudal Age |
| 9:07 | Encolar | Villager (Male) |
| 9:37 | Construir | Farm |
| 9:38 | Construir | Farm |
| 10:11 | Encolar | Villager (Male) |
| 10:13 | Encolar | Villager (Male) |
| 10:14 | Encolar | Villager (Male) |
| 10:14 | Encolar | Villager (Male) |
| 11:23 | Edad | Edad Feudal |
| 11:29 | Encolar | Villager (Male) |
| 11:30 | Investigar | Wheelbarrow |
| 11:31 | Investigar | Loom |
| 12:06 | Investigar | Double-Bit Axe |
| 12:18 | Construir | Lumber Camp |
| 12:33 | Encolar | Villager (Male) |
| 12:34 | Encolar | Villager (Male) |
| 12:43 | Construir | House |
| 12:50 | Construir | Farm |
| 13:38 | Construir | Mining Camp |
| 13:58 | Construir | Mining Camp |
| 14:15 | Construir | Farm |
| 14:15 | Construir | Farm |
| 14:17 | Construir | Farm |
| 14:23 | Construir | Farm |
| 14:34 | Construir | Farm |
| 14:53 | Construir | Farm |
| 15:00 | Construir | House |
| 15:05 | Construir | House |
| 15:08 | Construir | House |
| 15:09 | Construir | House |
| 15:12 | Construir | House |
| 15:14 | Construir | House |
| 15:17 | Construir | House |
| 15:20 | Construir | House |
| 15:56 | Construir | Barracks |
| 16:25 | Construir | Watch Tower |
| 16:39 | Construir | Stone Wall |
| 16:47 | Encolar | Spearman |
| 16:48 | Encolar | Spearman |
| 16:48 | Encolar | Spearman |
| 16:49 | Encolar | Militia |
| 16:50 | Encolar | Militia |
| 16:50 | Encolar | Militia |
| 16:50 | Encolar | Militia |
| 16:51 | Encolar | Militia |
| 16:51 | Encolar | Militia |
| 17:54 | Encolar | Villager (Male) |
| 17:54 | Encolar | Villager (Male) |
| 17:54 | Encolar | Villager (Male) |
| 17:54 | Encolar | Villager (Male) |
| 25:03 | Construir | Lumber Camp |
| 27:04 | Construir | Town Center |
| 27:49 | Construir | House |
| 27:51 | Construir | House |
| 27:53 | Construir | House |
| 27:59 | Construir | House |
| 28:00 | Construir | House |
| 28:01 | Construir | House |
| 28:03 | Construir | House |
| 28:04 | Construir | House |
| 29:05 | Construir | Mining Camp |
| 29:12 | Encolar | Villager (Male) ×5 |
| 29:15 | Encolar | Villager (Male) ×5 |
| 29:17 | Encolar | Villager (Male) ×5 |
| 30:30 | Construir | Mining Camp |
| 30:38 | Construir | Lumber Camp |
| 30:40 | Encolar | Villager (Male) |
| 31:28 | Encolar | Villager (Male) |
| 31:30 | Encolar | Villager (Male) |
| 31:32 | Encolar | Villager (Male) |
| 31:38 | Construir | House |
| 31:44 | Construir | House |
| 31:45 | Construir | House |
| 32:39 | Construir | Mining Camp |
| 32:47 | Encolar | Villager (Male) |
| 33:11 | Construir | House |
| 33:13 | Construir | House |
| 33:14 | Construir | House |
| 33:16 | Construir | House |
| 33:19 | Construir | House |
| 33:21 | Construir | House |
| 33:22 | Construir | House |
| 33:23 | Construir | House |
| 33:43 | Encolar | Villager (Male) |
| 33:44 | Encolar | Villager (Male) |
| 33:44 | Encolar | Villager (Male) |
| 33:44 | Encolar | Villager (Male) |
| 33:50 | Construir | Farm |
| 34:32 | Construir | Market |
| 34:38 | Construir | Farm |
| 35:12 | Construir | Farm |
| 35:16 | Encolar | Villager (Male) |
| 35:34 | Construir | Farm |
| 36:04 | Encolar | Trade Cart |
| 36:06 | Encolar | Trade Cart |
| 36:14 | Encolar | Villager (Male) |
| 36:34 | Construir | Farm |
| 36:46 | Construir | Farm |
| 36:55 | Construir | Farm |
| 37:01 | Encolar | Villager (Male) |
| 37:01 | Encolar | Villager (Male) |
| 37:01 | Encolar | Villager (Male) |
| 37:13 | Construir | Archery Range |
| 37:17 | Construir | Archery Range |
| 38:06 | Construir | Blacksmith |
| 38:23 | Construir | Farm |
| 38:31 | Construir | Lumber Camp |
| 39:03 | Construir | Market |
| 39:23 | Construir | Farm |
| 40:21 | Construir | Mill |
| 40:26 | Construir | Farm |
| 40:32 | Construir | Farm |
| 40:32 | Construir | Farm |
| 40:38 | Construir | Farm |
| 40:50 | Encolar | Trade Cart |
| 40:51 | Encolar | Trade Cart |
| 41:00 | Encolar | Villager (Male) |
| 41:01 | Encolar | Villager (Male) |
| 41:01 | Encolar | Villager (Male) |
| 41:01 | Encolar | Villager (Male) |
Build order — tatomagallanes
Primeras 150 de 339 acciones detectadas
| 0:01 | Encolar | Villager (Male) |
| 0:01 | Encolar | Villager (Male) |
| 0:02 | Encolar | Villager (Male) |
| 0:02 | Encolar | Villager (Male) |
| 0:02 | Encolar | Villager (Male) |
| 0:07 | Construir | House |
| 0:13 | Construir | House |
| 1:31 | Encolar | Villager (Male) |
| 2:08 | Encolar | Villager (Male) |
| 2:15 | Investigar | Loom |
| 2:28 | Encolar | Villager (Male) |
| 3:00 | Encolar | Villager (Male) |
| 3:16 | Encolar | Villager (Male) |
| 3:35 | Construir | Mill |
| 3:58 | Encolar | Villager (Male) |
| 3:58 | Encolar | Villager (Male) |
| 4:08 | Construir | House |
| 4:30 | Encolar | Villager (Male) |
| 4:30 | Encolar | Villager (Male) |
| 4:43 | Construir | Lumber Camp |
| 5:13 | Encolar | Villager (Male) |
| 5:13 | Encolar | Villager (Male) |
| 5:47 | Encolar | Villager (Male) |
| 6:18 | Construir | House |
| 6:22 | Construir | House |
| 6:32 | Encolar | Villager (Male) |
| 6:32 | Encolar | Villager (Male) |
| 7:06 | Encolar | Villager (Male) |
| 7:06 | Encolar | Villager (Male) |
| 7:30 | Construir | Farm |
| 7:32 | Construir | Farm |
| 7:33 | Construir | Farm |
| 7:37 | Encolar | Villager (Male) |
| 7:37 | Encolar | Villager (Male) |
| 7:38 | Encolar | Villager (Male) |
| 8:14 | Encolar | Villager (Male) |
| 8:22 | Construir | Farm |
| 8:35 | Encolar | Villager (Male) |
| 9:12 | Construir | Mill |
| 9:19 | Construir | Mining Camp |
| 9:44 | Investigar | Feudal Age |
| 11:16 | Encolar | Villager (Male) |
| 11:17 | Encolar | Villager (Male) |
| 11:17 | Encolar | Villager (Male) |
| 12:05 | Edad | Edad Feudal |
| 12:07 | Construir | Market |
| 12:18 | Construir | Blacksmith |
| 13:14 | Investigar | Castle Age |
| 14:17 | Construir | Mining Camp |
| 14:23 | Investigar | Stone Mining |
| 14:25 | Investigar | Double-Bit Axe |
| 14:28 | Investigar | Horse Collar |
| 14:35 | Construir | Farm |
| 14:44 | Construir | House |
| 14:46 | Construir | House |
| 14:47 | Construir | House |
| 15:01 | Investigar | Gold Mining |
| 16:00 | Edad | Edad de los Castillos |
| 16:07 | Construir | Town Center |
| 16:17 | Construir | Farm |
| 16:24 | Investigar | Wheelbarrow |
| 16:29 | Construir | House |
| 16:30 | Construir | House |
| 16:31 | Construir | House |
| 16:31 | Construir | House |
| 16:55 | Encolar | Villager (Male) |
| 16:56 | Encolar | Villager (Male) |
| 17:12 | Construir | Farm |
| 17:25 | Encolar | Villager (Male) |
| 17:32 | Encolar | Villager (Male) |
| 17:33 | Encolar | Villager (Male) |
| 17:42 | Construir | Farm |
| 17:48 | Encolar | Villager (Male) |
| 18:06 | Encolar | Villager (Male) |
| 18:12 | Construir | Farm |
| 18:34 | Encolar | Villager (Male) |
| 18:49 | Construir | Farm |
| 19:00 | Construir | Farm |
| 19:18 | Encolar | Villager (Male) |
| 19:18 | Encolar | Villager (Male) |
| 19:51 | Construir | Farm |
| 19:53 | Encolar | Villager (Male) |
| 19:53 | Encolar | Villager (Male) |
| 20:16 | Encolar | Villager (Male) |
| 20:16 | Encolar | Villager (Male) |
| 20:27 | Construir | Farm |
| 21:01 | Construir | Castle |
| 21:08 | Construir | Farm |
| 21:10 | Encolar | Villager (Male) |
| 21:11 | Encolar | Villager (Male) |
| 21:15 | Encolar | Villager (Male) |
| 21:15 | Encolar | Villager (Male) |
| 21:47 | Construir | Farm |
| 21:50 | Encolar | Villager (Male) |
| 21:54 | Investigar | Hand Cart |
| 22:20 | Investigar | Scale Mail Armor |
| 22:30 | Construir | Farm |
| 22:36 | Construir | Farm |
| 22:59 | Encolar | Huskarl |
| 22:59 | Encolar | Huskarl |
| 23:00 | Encolar | Huskarl |
| 23:36 | Encolar | Huskarl |
| 23:36 | Encolar | Huskarl |
| 24:13 | Encolar | Huskarl |
| 24:13 | Encolar | Huskarl |
| 24:18 | Investigar | Chain Mail Armor |
| 24:21 | Encolar | Villager (Male) |
| 24:21 | Encolar | Villager (Male) |
| 24:25 | Investigar | Town Watch |
| 24:43 | Encolar | Huskarl |
| 24:43 | Encolar | Huskarl |
| 24:43 | Encolar | Huskarl |
| 25:11 | Construir | Castle |
| 25:22 | Encolar | Huskarl |
| 25:22 | Encolar | Huskarl |
| 25:22 | Encolar | Huskarl |
| 25:52 | Encolar | Huskarl |
| 25:52 | Encolar | Huskarl |
| 25:55 | Encolar | Huskarl |
| 25:55 | Encolar | Huskarl |
| 27:12 | Investigar | Anarchy |
| 27:19 | Construir | Barracks |
| 27:22 | Construir | Barracks |
| 27:31 | Construir | Barracks |
| 27:40 | Construir | Farm |
| 27:41 | Construir | Farm |
| 27:49 | Encolar | Villager (Male) |
| 27:49 | Encolar | Villager (Male) |
| 27:50 | Encolar | Villager (Male) |
| 27:50 | Encolar | Villager (Male) |
| 27:56 | Construir | Farm |
| 27:56 | Construir | Farm |
| 27:56 | Construir | Farm |
| 27:57 | Construir | Farm |
| 27:57 | Construir | Farm |
| 27:57 | Construir | Farm |
| 27:59 | Construir | Farm |
| 28:04 | Encolar | Villager (Male) |
| 28:04 | Encolar | Villager (Male) |
| 28:11 | Construir | House |
| 28:11 | Construir | House |
| 28:11 | Construir | House |
| 28:12 | Construir | House |
| 28:18 | Investigar | Squires |
| 28:21 | Encolar | Huskarl |
| 28:21 | Encolar | Huskarl |
| 28:22 | Encolar | Huskarl |
| 28:22 | Encolar | Huskarl |
| 29:08 | Construir | Barracks |
| 29:14 | Encolar | Huskarl |
Build order — Jay
Primeras 150 de 362 acciones detectadas
| 0:02 | Construir | House |
| 0:04 | Construir | House |
| 0:06 | Investigar | Loom |
| 0:06 | Encolar | Villager (Male) ×4 |
| 0:07 | Encolar | Villager (Male) ×4 |
| 1:38 | Encolar | Villager (Male) |
| 2:21 | Encolar | Villager (Male) |
| 2:44 | Encolar | Villager (Male) |
| 2:54 | Encolar | Villager (Male) |
| 3:31 | Construir | House |
| 3:34 | Encolar | Villager (Male) |
| 3:35 | Encolar | Villager (Male) |
| 4:05 | Encolar | Villager (Male) |
| 4:33 | Encolar | Villager (Male) |
| 4:47 | Construir | Lumber Camp |
| 4:57 | Encolar | Villager (Male) |
| 5:24 | Encolar | Villager (Male) |
| 5:59 | Construir | House |
| 6:04 | Encolar | Villager (Male) |
| 6:43 | Construir | Mill |
| 6:52 | Encolar | Villager (Male) |
| 7:27 | Encolar | Villager (Male) |
| 7:56 | Encolar | Villager (Male) |
| 8:27 | Investigar | Feudal Age |
| 8:31 | Construir | Mining Camp |
| 8:35 | Construir | House |
| 8:38 | Construir | House |
| 9:29 | Construir | Barracks |
| 10:37 | Edad | Edad Feudal |
| 10:38 | Investigar | Wheelbarrow |
| 10:41 | Investigar | Double-Bit Axe |
| 10:44 | Encolar | Villager (Male) |
| 10:45 | Encolar | Villager (Male) |
| 10:51 | Construir | Farm |
| 10:58 | Construir | Farm |
| 11:23 | Construir | Farm |
| 11:29 | Encolar | Villager (Male) |
| 11:29 | Encolar | Villager (Male) |
| 11:35 | Construir | Farm |
| 12:09 | Construir | Farm |
| 12:18 | Construir | Farm |
| 12:27 | Encolar | Villager (Male) |
| 12:32 | Encolar | Villager (Male) |
| 12:47 | Construir | Farm |
| 12:55 | Construir | Farm |
| 13:14 | Construir | Farm |
| 13:17 | Encolar | Villager (Male) |
| 13:17 | Encolar | Villager (Male) |
| 13:35 | Construir | Farm |
| 13:50 | Construir | Farm |
| 13:54 | Construir | Farm |
| 14:06 | Encolar | Villager (Male) |
| 14:35 | Construir | Market |
| 14:47 | Encolar | Villager (Male) |
| 14:57 | Construir | House |
| 15:06 | Construir | House |
| 15:07 | Construir | House |
| 15:08 | Construir | House |
| 15:09 | Construir | House |
| 15:17 | Encolar | Villager (Male) |
| 15:40 | Construir | Blacksmith |
| 16:27 | Construir | Mining Camp |
| 16:31 | Investigar | Castle Age |
| 16:35 | Construir | Farm |
| 17:34 | Construir | Stable |
| 17:41 | Investigar | Gold Mining |
| 17:41 | Investigar | Stone Mining |
| 17:53 | Investigar | Stone Mining |
| 18:20 | Construir | Stable |
| 19:02 | Construir | House |
| 19:04 | Construir | House |
| 19:11 | Edad | Edad de los Castillos |
| 19:12 | Investigar | Hand Cart |
| 19:24 | Investigar | Husbandry |
| 19:27 | Investigar | Scale Barding Armor |
| 19:38 | Construir | Town Center |
| 19:48 | Encolar | Villager (Male) |
| 19:49 | Encolar | Villager (Male) |
| 20:01 | Investigar | Bow Saw |
| 20:01 | Investigar | Bow Saw |
| 20:31 | Encolar | Knight |
| 20:42 | Encolar | Villager (Male) |
| 20:43 | Encolar | Villager (Male) |
| 21:03 | Encolar | Villager (Male) |
| 21:05 | Encolar | Villager (Male) |
| 21:05 | Encolar | Villager (Male) |
| 21:14 | Construir | Farm |
| 21:14 | Construir | Farm |
| 21:14 | Construir | Farm |
| 21:15 | Construir | Farm |
| 21:15 | Construir | Farm |
| 21:17 | Construir | Farm |
| 21:22 | Construir | Farm |
| 22:22 | Construir | Castle |
| 22:27 | Encolar | Villager (Male) |
| 22:27 | Encolar | Villager (Male) |
| 22:29 | Encolar | Villager (Male) |
| 22:31 | Construir | Farm |
| 22:51 | Encolar | Villager (Male) ×2 |
| 23:10 | Encolar | Knight ×2 |
| 23:14 | Encolar | Villager (Male) |
| 23:17 | Encolar | Villager (Male) |
| 23:27 | Encolar | Villager (Male) |
| 24:02 | Encolar | Knight ×2 |
| 24:08 | Construir | Farm |
| 24:11 | Encolar | Villager (Male) |
| 24:11 | Encolar | Villager (Male) |
| 24:12 | Encolar | Villager (Male) |
| 24:12 | Encolar | Villager (Male) |
| 24:45 | Encolar | Throwing Axeman ×5 |
| 24:54 | Encolar | Villager (Male) |
| 24:54 | Encolar | Villager (Male) |
| 24:56 | Construir | Farm |
| 25:06 | Construir | Farm |
| 25:10 | Encolar | Villager (Male) |
| 25:26 | Encolar | Villager (Male) |
| 25:28 | Encolar | Villager (Male) |
| 25:35 | Construir | Town Center |
| 25:43 | Construir | Farm |
| 25:47 | Encolar | Villager (Male) |
| 25:49 | Encolar | Villager (Male) |
| 26:12 | Encolar | Knight ×3 |
| 26:12 | Encolar | Knight ×3 |
| 26:44 | Investigar | Forging |
| 26:46 | Encolar | Throwing Axeman ×2 |
| 26:53 | Encolar | Villager (Male) |
| 27:15 | Encolar | Villager (Male) |
| 27:17 | Encolar | Villager (Male) |
| 27:28 | Construir | Stable |
| 27:29 | Construir | Stable |
| 27:37 | Encolar | Villager (Male) |
| 27:37 | Encolar | Villager (Male) |
| 27:41 | Construir | Mining Camp |
| 27:46 | Construir | Mining Camp |
| 27:47 | Encolar | Villager (Male) |
| 27:49 | Encolar | Villager (Male) |
| 27:50 | Encolar | Villager (Male) |
| 27:51 | Encolar | Villager (Male) |
| 27:51 | Encolar | Villager (Male) |
| 28:06 | Encolar | Knight ×2 |
| 28:08 | Encolar | Throwing Axeman |
| 28:18 | Construir | Farm |
| 28:19 | Construir | Farm |
| 28:19 | Construir | Farm |
| 28:19 | Construir | Farm |
| 28:21 | Construir | Farm |
| 28:22 | Construir | Farm |
| 28:22 | Construir | Farm |
| 28:22 | Construir | Farm |
| 28:22 | Construir | Farm |
Build order — GuilleLeopold17
Primeras 150 de 356 acciones detectadas
| 0:02 | Encolar | Villager (Male) |
| 0:02 | Encolar | Villager (Male) |
| 0:02 | Encolar | Villager (Male) |
| 0:03 | Encolar | Villager (Male) |
| 0:04 | Construir | House |
| 0:05 | Construir | House |
| 1:30 | Encolar | Villager (Male) |
| 1:30 | Encolar | Villager (Male) |
| 1:30 | Encolar | Villager (Male) |
| 2:04 | Investigar | Loom |
| 2:05 | Encolar | Villager (Male) |
| 2:05 | Encolar | Villager (Male) |
| 2:06 | Encolar | Villager (Male) |
| 2:16 | Construir | Mule Cart |
| 2:35 | Encolar | Villager (Male) |
| 2:35 | Encolar | Villager (Male) |
| 3:31 | Encolar | Villager (Male) |
| 3:31 | Encolar | Villager (Male) |
| 3:31 | Encolar | Villager (Male) |
| 4:04 | Encolar | Villager (Male) |
| 4:04 | Encolar | Villager (Male) |
| 4:29 | Encolar | Villager (Male) |
| 4:30 | Encolar | Villager (Male) |
| 4:39 | Construir | House |
| 4:40 | Construir | House |
| 4:48 | Encolar | Villager (Male) |
| 4:49 | Encolar | Villager (Male) |
| 5:01 | Encolar | Villager (Male) |
| 5:02 | Encolar | Villager (Male) |
| 5:02 | Encolar | Villager (Male) |
| 5:02 | Encolar | Villager (Male) |
| 5:44 | Encolar | Villager (Male) |
| 5:45 | Encolar | Villager (Male) |
| 6:14 | Encolar | Villager (Male) |
| 7:14 | Construir | Barracks |
| 7:32 | Construir | Mule Cart |
| 7:47 | Encolar | Villager (Male) |
| 8:11 | Construir | Mule Cart |
| 8:50 | Investigar | Feudal Age |
| 9:32 | Construir | Mill |
| 10:28 | Construir | House |
| 10:29 | Construir | House |
| 10:43 | Encolar | Villager (Male) |
| 10:43 | Encolar | Villager (Male) |
| 11:00 | Edad | Edad Feudal |
| 11:02 | Investigar | Man-at-Arms (upgrade) |
| 11:21 | Construir | Barracks |
| 11:58 | Encolar | Villager (Male) |
| 11:58 | Encolar | Villager (Male) |
| 12:21 | Investigar | Long Swordsman (upgrade) |
| 12:28 | Encolar | Militia |
| 12:28 | Encolar | Militia |
| 12:28 | Encolar | Militia |
| 12:40 | Construir | Blacksmith |
| 12:46 | Encolar | Villager (Male) |
| 13:08 | Construir | House |
| 13:25 | Construir | Stable |
| 13:48 | Encolar | Militia |
| 13:48 | Encolar | Militia |
| 13:56 | Encolar | Militia |
| 13:56 | Encolar | Militia |
| 14:14 | Encolar | Villager (Male) |
| 14:14 | Encolar | Villager (Male) |
| 14:23 | Construir | House |
| 14:24 | Construir | House |
| 14:24 | Construir | House |
| 14:33 | Encolar | Villager (Male) |
| 14:34 | Encolar | Villager (Male) |
| 14:44 | Construir | Farm |
| 14:45 | Construir | Farm |
| 14:45 | Construir | Farm |
| 14:45 | Construir | Farm |
| 14:46 | Construir | Farm |
| 14:47 | Construir | Farm |
| 14:47 | Construir | Farm |
| 14:48 | Construir | Farm |
| 14:48 | Construir | Farm |
| 14:49 | Construir | Farm |
| 14:49 | Construir | Farm |
| 14:49 | Construir | Farm |
| 14:50 | Construir | Farm |
| 14:50 | Construir | Farm |
| 14:50 | Construir | Farm |
| 14:51 | Construir | Farm |
| 14:51 | Construir | Farm |
| 14:52 | Construir | Farm |
| 14:52 | Construir | Farm |
| 14:52 | Construir | Farm |
| 14:53 | Construir | Farm |
| 15:00 | Investigar | Double-Bit Axe |
| 15:00 | Investigar | Double-Bit Axe |
| 15:37 | Encolar | Militia |
| 15:37 | Encolar | Militia |
| 15:37 | Encolar | Militia |
| 15:48 | Construir | Farm |
| 15:48 | Construir | Farm |
| 16:07 | Construir | Farm |
| 16:07 | Construir | Farm |
| 16:08 | Construir | Farm |
| 16:08 | Construir | Farm |
| 16:08 | Construir | Farm |
| 17:10 | Construir | Farm |
| 17:10 | Construir | Farm |
| 17:11 | Construir | Farm |
| 17:11 | Construir | Farm |
| 17:11 | Construir | Farm |
| 17:18 | Encolar | Villager (Male) |
| 17:19 | Encolar | Villager (Male) |
| 17:19 | Encolar | Villager (Male) |
| 17:29 | Construir | Mule Cart |
| 17:35 | Encolar | Militia |
| 17:35 | Encolar | Militia |
| 17:35 | Encolar | Militia |
| 17:45 | Encolar | Militia |
| 17:46 | Encolar | Militia |
| 17:46 | Encolar | Militia |
| 18:18 | Encolar | Militia |
| 18:18 | Encolar | Militia |
| 18:32 | Investigar | Arson |
| 18:50 | Encolar | Militia |
| 18:50 | Encolar | Militia |
| 18:50 | Encolar | Militia |
| 19:24 | Encolar | Militia |
| 19:24 | Encolar | Militia |
| 19:25 | Encolar | Militia |
| 19:25 | Encolar | Militia |
| 19:57 | Encolar | Villager (Male) |
| 19:57 | Encolar | Villager (Male) |
| 19:57 | Encolar | Villager (Male) |
| 20:04 | Construir | Farm |
| 20:04 | Construir | Farm |
| 20:04 | Construir | Farm |
| 20:04 | Construir | Farm |
| 20:05 | Construir | Farm |
| 20:05 | Construir | Farm |
| 20:06 | Construir | Farm |
| 20:09 | Investigar | Horse Collar |
| 20:34 | Encolar | Villager (Male) |
| 20:34 | Encolar | Villager (Male) |
| 21:02 | Encolar | Militia |
| 21:02 | Encolar | Militia |
| 21:02 | Encolar | Militia |
| 21:12 | Construir | House |
| 21:13 | Construir | House |
| 21:13 | Construir | House |
| 21:24 | Construir | Farm |
| 21:24 | Construir | Farm |
| 21:24 | Construir | Farm |
| 21:33 | Construir | Barracks |
| 21:37 | Encolar | Militia |
Build order — PetForMeows
Primeras 150 de 386 acciones detectadas
| 0:01 | Encolar | Villager (Male) |
| 0:02 | Encolar | Villager (Male) |
| 0:02 | Encolar | Villager (Male) |
| 0:03 | Construir | House |
| 0:05 | Construir | House |
| 0:15 | Encolar | Villager (Male) |
| 0:15 | Encolar | Villager (Male) |
| 1:35 | Encolar | Villager (Male) |
| 1:58 | Investigar | Loom |
| 2:20 | Encolar | Villager (Male) |
| 2:54 | Encolar | Villager (Male) |
| 3:16 | Encolar | Villager (Male) |
| 3:26 | Encolar | Villager (Male) |
| 3:58 | Encolar | Villager (Male) |
| 4:26 | Construir | House |
| 4:36 | Encolar | Villager (Male) |
| 4:46 | Construir | Lumber Camp |
| 4:51 | Encolar | Villager (Male) |
| 5:07 | Encolar | Villager (Male) |
| 5:36 | Construir | Mill |
| 5:38 | Encolar | Villager (Male) |
| 5:53 | Construir | House |
| 6:04 | Encolar | Villager (Male) |
| 6:26 | Encolar | Villager (Male) |
| 6:42 | Encolar | Villager (Male) |
| 7:10 | Construir | Palisade Gate |
| 7:27 | Encolar | Villager (Male) |
| 7:53 | Encolar | Villager (Male) |
| 8:03 | Construir | Palisade Gate |
| 8:09 | Encolar | Villager (Male) |
| 8:34 | Encolar | Villager (Male) |
| 9:11 | Encolar | Villager (Male) |
| 9:15 | Construir | House |
| 9:31 | Investigar | Feudal Age |
| 9:47 | Encolar | Villager (Male) |
| 10:28 | Construir | House |
| 10:29 | Construir | House |
| 10:54 | Construir | Barracks |
| 11:28 | Construir | House |
| 11:29 | Construir | House |
| 11:41 | Edad | Edad Feudal |
| 11:44 | Construir | Town Center |
| 11:49 | Construir | Farm |
| 11:49 | Construir | Farm |
| 11:52 | Construir | Farm |
| 11:55 | Encolar | Villager (Male) |
| 11:56 | Investigar | Wheelbarrow |
| 12:02 | Investigar | Horse Collar |
| 12:13 | Investigar | Arson |
| 12:32 | Construir | Farm |
| 12:34 | Encolar | Villager (Male) |
| 12:49 | Encolar | Militia |
| 12:49 | Encolar | Militia |
| 13:12 | Investigar | Double-Bit Axe |
| 13:22 | Encolar | Villager (Male) |
| 13:27 | Encolar | Villager (Male) |
| 13:44 | Encolar | Spearman |
| 13:44 | Encolar | Spearman |
| 13:46 | Encolar | Villager (Male) |
| 14:05 | Encolar | Villager (Male) |
| 14:16 | Construir | Farm |
| 14:32 | Encolar | Villager (Male) |
| 14:37 | Construir | Farm |
| 14:38 | Construir | Farm |
| 14:39 | Construir | Farm |
| 14:42 | Construir | Farm |
| 14:44 | Encolar | Villager (Male) |
| 14:46 | Encolar | Villager (Male) |
| 15:11 | Encolar | Villager (Male) |
| 15:20 | Construir | Lumber Camp |
| 15:29 | Construir | Blacksmith |
| 15:31 | Encolar | Villager (Male) |
| 15:33 | Encolar | Villager (Male) |
| 15:53 | Encolar | Villager (Male) |
| 15:55 | Encolar | Villager (Male) |
| 16:00 | Construir | Farm |
| 16:01 | Construir | Farm |
| 16:01 | Construir | Farm |
| 16:02 | Construir | Farm |
| 16:04 | Construir | Farm |
| 16:23 | Encolar | Villager (Male) |
| 16:26 | Encolar | Villager (Male) |
| 16:30 | Encolar | Villager (Male) |
| 16:42 | Construir | Market |
| 16:46 | Encolar | Villager (Male) |
| 17:05 | Encolar | Villager (Male) |
| 17:06 | Encolar | Villager (Male) |
| 17:22 | Construir | Siege Workshop |
| 17:26 | Investigar | Man-at-Arms (upgrade) |
| 17:38 | Encolar | Villager (Male) |
| 17:46 | Construir | Farm |
| 17:53 | Encolar | Militia |
| 17:53 | Encolar | Militia |
| 17:54 | Encolar | Militia |
| 17:54 | Encolar | Militia |
| 17:54 | Encolar | Militia |
| 17:59 | Encolar | Villager (Male) |
| 18:00 | Encolar | Villager (Male) |
| 18:12 | Construir | Farm |
| 18:12 | Construir | Farm |
| 18:12 | Construir | Farm |
| 18:12 | Construir | Farm |
| 18:15 | Encolar | Villager (Male) |
| 18:25 | Encolar | Militia |
| 18:28 | Construir | Farm |
| 18:36 | Construir | House |
| 18:38 | Construir | House |
| 18:39 | Construir | House |
| 18:41 | Construir | House |
| 18:42 | Construir | House |
| 18:44 | Construir | House |
| 18:56 | Construir | Farm |
| 18:57 | Encolar | Villager (Male) |
| 18:59 | Encolar | Villager (Male) |
| 19:00 | Investigar | Town Watch |
| 19:03 | Encolar | Villager (Male) |
| 19:15 | Encolar | Battering Ram |
| 19:16 | Encolar | Battering Ram |
| 19:20 | Encolar | Militia |
| 19:20 | Encolar | Militia |
| 19:32 | Encolar | Militia |
| 19:33 | Encolar | Militia |
| 19:34 | Encolar | Villager (Male) |
| 19:34 | Encolar | Villager (Male) |
| 19:41 | Construir | Siege Workshop |
| 19:47 | Encolar | Villager (Male) |
| 20:02 | Construir | Barracks |
| 20:10 | Construir | Farm |
| 20:14 | Encolar | Villager (Male) |
| 20:16 | Encolar | Villager (Male) |
| 20:35 | Encolar | Villager (Male) |
| 20:36 | Encolar | Villager (Male) |
| 20:41 | Encolar | Militia |
| 20:48 | Encolar | Battering Ram |
| 20:48 | Encolar | Battering Ram |
| 21:22 | Encolar | Battering Ram ×2 |
| 21:23 | Encolar | Battering Ram ×2 |
| 21:27 | Encolar | Militia ×5 |
| 21:28 | Encolar | Militia ×5 |
| 21:28 | Encolar | Militia ×5 |
| 21:28 | Encolar | Militia ×5 |
| 21:41 | Construir | Farm |
| 21:43 | Encolar | Villager (Male) |
| 21:44 | Encolar | Villager (Male) |
| 22:06 | Encolar | Villager (Male) |
| 22:07 | Encolar | Villager (Male) |
| 22:13 | Construir | House |
| 22:13 | Construir | House |
| 22:14 | Construir | House |
| 22:16 | Construir | House |
Build order — felipegarcia92
Primeras 150 de 359 acciones detectadas
| 0:01 | Encolar | Villager (Male) |
| 0:01 | Encolar | Villager (Male) |
| 0:04 | Construir | House |
| 0:12 | Construir | House |
| 0:33 | Encolar | Villager (Male) |
| 0:33 | Encolar | Villager (Male) |
| 1:34 | Encolar | Villager (Male) |
| 2:17 | Encolar | Villager (Male) |
| 2:17 | Encolar | Villager (Male) |
| 2:17 | Encolar | Villager (Male) |
| 2:56 | Encolar | Villager (Male) |
| 3:14 | Encolar | Villager (Male) |
| 3:37 | Construir | House |
| 3:44 | Construir | Mill |
| 3:50 | Encolar | Villager (Male) |
| 4:03 | Encolar | Villager (Male) |
| 4:34 | Construir | Lumber Camp |
| 4:47 | Investigar | Loom |
| 5:22 | Encolar | Villager (Male) |
| 5:22 | Encolar | Villager (Male) |
| 5:23 | Encolar | Villager (Male) |
| 5:45 | Encolar | Villager (Male) |
| 6:06 | Encolar | Villager (Male) |
| 6:06 | Encolar | Villager (Male) |
| 6:07 | Encolar | Villager (Male) |
| 6:49 | Encolar | Villager (Male) |
| 6:49 | Encolar | Villager (Male) |
| 6:50 | Encolar | Villager (Male) |
| 6:57 | Construir | House |
| 7:17 | Encolar | Villager (Male) |
| 7:17 | Encolar | Villager (Male) |
| 7:17 | Encolar | Villager (Male) |
| 7:38 | Construir | Mill |
| 8:03 | Encolar | Villager (Male) |
| 8:03 | Encolar | Villager (Male) |
| 8:26 | Construir | Mining Camp |
| 8:32 | Encolar | Villager (Male) |
| 9:20 | Construir | Mining Camp |
| 9:27 | Encolar | Villager (Male) |
| 10:11 | Investigar | Feudal Age |
| 10:11 | Investigar | Feudal Age |
| 10:39 | Construir | Barracks |
| 11:15 | Construir | House |
| 11:50 | Encolar | Militia |
| 11:51 | Encolar | Militia |
| 12:06 | Encolar | Villager (Male) |
| 12:10 | Encolar | Militia |
| 12:21 | Edad | Edad Feudal |
| 12:26 | Construir | Stable |
| 12:33 | Construir | House |
| 12:35 | Construir | Blacksmith |
| 12:42 | Encolar | Villager (Male) |
| 12:54 | Encolar | Militia |
| 13:24 | Encolar | Villager (Male) |
| 13:29 | Construir | Farm |
| 13:30 | Construir | Farm |
| 13:30 | Construir | Farm |
| 13:30 | Construir | Farm |
| 13:30 | Construir | Farm |
| 13:39 | Encolar | Villager (Male) |
| 14:01 | Construir | Farm |
| 14:19 | Investigar | Man-at-Arms (upgrade) |
| 14:28 | Construir | House |
| 14:32 | Construir | Farm |
| 14:33 | Construir | Farm |
| 14:36 | Encolar | Villager (Male) |
| 14:39 | Construir | Farm |
| 14:43 | Encolar | Militia |
| 14:43 | Encolar | Militia |
| 14:50 | Investigar | Scale Mail Armor |
| 14:52 | Investigar | Forging |
| 15:27 | Encolar | Villager (Male) |
| 15:30 | Construir | Farm |
| 15:56 | Encolar | Villager (Male) |
| 16:00 | Construir | Farm |
| 16:03 | Encolar | Militia |
| 16:03 | Encolar | Militia |
| 16:06 | Encolar | Villager (Male) |
| 16:25 | Encolar | Villager (Male) |
| 16:30 | Construir | Farm |
| 16:40 | Construir | House |
| 16:42 | Construir | House |
| 16:49 | Investigar | Wheelbarrow |
| 17:01 | Construir | Farm |
| 17:02 | Construir | Farm |
| 17:02 | Construir | Farm |
| 17:02 | Construir | Farm |
| 17:05 | Encolar | Militia |
| 17:06 | Encolar | Militia |
| 17:07 | Encolar | Militia |
| 17:34 | Encolar | Scout Cavalry |
| 17:34 | Encolar | Scout Cavalry |
| 17:34 | Encolar | Scout Cavalry |
| 17:48 | Encolar | Villager (Male) |
| 17:48 | Encolar | Villager (Male) |
| 18:08 | Encolar | Militia |
| 18:57 | Encolar | Villager (Male) |
| 18:57 | Encolar | Villager (Male) |
| 19:02 | Construir | Farm |
| 19:05 | Construir | Farm |
| 19:19 | Construir | House |
| 19:21 | Construir | House |
| 19:24 | Construir | House |
| 19:31 | Construir | Farm |
| 19:37 | Encolar | Militia |
| 20:08 | Encolar | Villager (Male) |
| 20:09 | Encolar | Villager (Male) |
| 20:12 | Construir | Farm |
| 20:17 | Investigar | Horse Collar |
| 20:19 | Investigar | Double-Bit Axe |
| 20:38 | Construir | Farm |
| 21:05 | Construir | Lumber Camp |
| 21:09 | Encolar | Villager (Male) |
| 21:10 | Encolar | Villager (Male) |
| 21:13 | Construir | Farm |
| 21:18 | Investigar | Castle Age |
| 21:40 | Encolar | Militia |
| 21:40 | Encolar | Militia |
| 22:42 | Encolar | Militia |
| 22:42 | Encolar | Militia |
| 22:43 | Encolar | Militia |
| 22:44 | Encolar | Militia |
| 22:53 | Construir | Farm |
| 23:00 | Encolar | Villager (Male) |
| 23:01 | Encolar | Villager (Male) |
| 23:29 | Encolar | Militia |
| 23:29 | Encolar | Militia |
| 24:14 | Edad | Edad de los Castillos |
| 24:39 | Investigar | Squires |
| 24:42 | Investigar | Pikeman (upgrade) |
| 24:58 | Construir | Town Center |
| 25:01 | Encolar | Villager (Male) |
| 25:25 | Construir | Castle |
| 25:28 | Encolar | Villager (Male) |
| 25:33 | Encolar | Villager (Male) |
| 25:34 | Encolar | Villager (Male) |
| 25:43 | Investigar | Gold Mining |
| 25:45 | Investigar | Bow Saw |
| 25:49 | Investigar | Heavy Plow |
| 26:18 | Encolar | Villager (Male) |
| 26:39 | Encolar | Camel Scout |
| 26:39 | Encolar | Camel Scout |
| 26:39 | Encolar | Camel Scout |
| 26:40 | Investigar | Husbandry |
| 26:45 | Encolar | Villager (Male) |
| 26:45 | Encolar | Villager (Male) |
| 26:45 | Encolar | Villager (Male) |
| 26:46 | Encolar | Villager (Male) |
| 26:49 | Encolar | Villager (Male) |
| 26:50 | Encolar | Villager (Male) |
Cronología de la partida
| 7:14 | GuilleLeopold17 · first_building Barracks |
| 9:29 | Jay · first_building Barracks |
| 10:20 | Avyaan · first_building Barracks |
| 10:37 | Jay · age_up feudal |
| 10:39 | felipegarcia92 · first_building Barracks |
| 10:47 | Avyaan · age_up feudal |
| 10:54 | PetForMeows · first_building Barracks |
| 11:00 | GuilleLeopold17 · age_up feudal |
| 11:23 | Jack · age_up feudal |
| 11:27 | vitavidal91 · age_up feudal |
| 11:33 | vitavidal91 · wall_segment Stone Wall x18 |
| 11:40 | vitavidal91 · wall_segment Stone Wall x8 |
| 11:41 | PetForMeows · age_up feudal |
| 11:58 | vitavidal91 · wall_segment Stone Wall x23 |
| 12:05 | tatomagallanes · age_up feudal |
| 12:21 | felipegarcia92 · age_up feudal |
| 12:26 | felipegarcia92 · first_building Stable |
| 13:25 | GuilleLeopold17 · first_building Stable |
| 14:26 | vitavidal91 · first_building Barracks |
| 15:56 | Jack · first_building Barracks |
| 16:00 | tatomagallanes · age_up castle |
| 16:39 | Jack · wall_segment Stone Wall x28 |
| 17:22 | PetForMeows · first_building Siege Workshop |
| 17:29 | Avyaan · first_building Archery Range |
| 17:34 | Jay · first_building Stable |
| 17:49 | PetForMeows · first_market_buy 100 food |
| 19:11 | Jay · age_up castle |
| 19:31 | Jay · first_market_buy 100 wood |
| 20:14 | vitavidal91 · age_up castle |
| 20:45 | Avyaan · first_market_sell 100 wood |
| 20:48 | Avyaan · first_market_buy 100 stone |
| 21:01 | tatomagallanes · first_building Castle |
| 21:48 | Jay · first_market_sell 100 food |
| 21:52 | Avyaan · age_up castle |
| 21:55 | Avyaan · first_building Castle |
| 21:57 | vitavidal91 · first_building Castle |
| 22:22 | Jay · first_building Castle |
| 23:37 | Jay · tribute_sent a jugador 1 |
| 23:37 | Jay · tribute_sent a jugador 2 |
| 23:37 | Jay · tribute_sent a jugador 3 |
| 23:37 | Jay · tribute_sent a jugador 4 |
| 23:37 | Jay · tribute_sent a jugador 6 |
| 23:37 | Jay · tribute_sent a jugador 7 |
| 23:37 | Jay · tribute_sent a jugador 8 |
| 24:14 | felipegarcia92 · age_up castle |
| 24:57 | PetForMeows · tribute_sent a jugador 1 |
| 24:57 | PetForMeows · tribute_sent a jugador 2 |
| 24:57 | PetForMeows · tribute_sent a jugador 3 |
| 24:57 | PetForMeows · tribute_sent a jugador 4 |
| 24:57 | PetForMeows · tribute_sent a jugador 5 |
| 24:57 | PetForMeows · tribute_sent a jugador 6 |
| 24:57 | PetForMeows · tribute_sent a jugador 8 |
| 25:16 | GuilleLeopold17 · first_market_buy 100 food |
| 25:25 | felipegarcia92 · first_building Castle |
| 25:29 | GuilleLeopold17 · first_market_sell 100 stone |
| 25:41 | Avyaan · wall_segment Stone Wall x17 |
| 26:39 | Avyaan · wall_segment Stone Wall x19 |
| 27:19 | tatomagallanes · first_building Barracks |
| 28:13 | GuilleLeopold17 · age_up castle |
| 28:45 | vitavidal91 · first_building Monastery |
| 30:39 | Avyaan · wall_segment Stone Wall x1 |
| 31:18 | PetForMeows · age_up castle |
| 31:52 | PetForMeows · first_market_sell 100 wood |
| 32:11 | PetForMeows · first_building Castle |
| 32:55 | PetForMeows · first_building Monastery |
| 33:59 | GuilleLeopold17 · first_building Archery Range |
| 34:27 | Jay · first_building Siege Workshop |
| 34:38 | GuilleLeopold17 · first_building Monastery |
| 35:41 | tatomagallanes · age_up imperial |
| 35:56 | vitavidal91 · first_market_sell 100 wood |
| 36:52 | Jay · age_up imperial |
| 37:13 | Jack · first_building Archery Range |
| 37:17 | Avyaan · first_building Monastery |
| 37:50 | PetForMeows · first_building Stable |
| 38:21 | Avyaan · first_building Siege Workshop |
| 38:29 | PetForMeows · age_up imperial |
| 39:18 | vitavidal91 · age_up imperial |
| 39:24 | Avyaan · first_building Stable |
| 39:45 | GuilleLeopold17 · first_building Siege Workshop |
| 41:43 | GuilleLeopold17 · first_building Castle |
| 42:04 | GuilleLeopold17 · age_up imperial |
| 42:40 | felipegarcia92 · age_up imperial |
| 42:53 | Avyaan · age_up imperial |
| 46:44 | Avyaan · resign |
| 47:00 | Jack · age_up castle |
| 47:08 | Jack · first_building Castle |
[ ANÁLISIS IA · 1 CRÉDITO ]
¿Qué pasó realmente en esta partida?
Wolo.gg analiza cada decisión: build order, eco, micro, errores típicos por bracket. Análisis personalizado por WhatsApp o Discord en 30 segundos.
Guía civ
Turcos
Perfil
Jugador #23624624